 Dungeon Crawl Stone Soup version 0.29-a0-615-gdeedd76f10 (webtiles) character file.

Game seed: 16531351535870323370

448 Essalna the Skirmisher (level 7, -1/56 HPs)
             Began as a Hill Orc Monk on June 17, 2022.
             Was a Believer of Beogh.
             Splashed by a jelly's acid (8 damage)
             ... on level 4 of the Dungeon.
             The game lasted 00:11:03 (3959 turns).

Essalna the Skirmisher (Hill Orc Monk)              Turns: 3959, Time: 00:11:04

Health: -1/56      AC: -2    Str: 16    XL:     7   Next: 4%
Magic:  7/7        EV: 12    Int: 10    God:    Beogh [**....]
Gold:   198        SH:  5    Dex: 11    Spells: 6/6 levels left

rFire   . . .      SeeInvis .   f - +1 trident
rCold   . . .      Faith    .   (no shield)
rNeg    . . .      Spirit   .   b - +0 robe
rPois   .          Reflect  +   i - +0 helmet
rElec   .          Harm     .   k - +1 cloak
rCorr   .          Rampage  .   (no gloves)
Will    .....                   (no boots)
Stlth   ++........              q - amulet of reflection
HPRegen 0.98/turn               (no ring)
MPRegen 0.10/turn               (no ring)

@: corroded
A: clumsy 1, frail 1, mutation resistance 1, regeneration 1
a: Renounce Religion, Smiting


You were on level 4 of the Dungeon.
You worshipped Beogh.
Beogh was pleased with you.
You visited 1 branch of the dungeon, and saw 4 of its levels.

You collected 198 gold pieces.

Inventory:

Hand Weapons
 a - a +1 spear
 f - a +1 trident (weapon)
 o - the +8 dagger of Generosity {venom, SInv}
   (You found it on level 2 of the Dungeon)

   It poisons the flesh of those it strikes.
   SInv:      It lets you see invisible.
Missiles
 d - a javelin (quivered)
Armour
 b - a +0 robe (worn)
 i - a +0 helmet (worn)
 k - a +1 cloak (worn)
Jewellery
 g - a ring of ice
 p - an amulet of faith
 q - an amulet of reflection (around neck)
 s - a ring of fire
Scrolls
 e - a scroll of summoning
 h - a scroll of amnesia {unknown}
 j - a scroll of vulnerability
 r - a scroll of fear
 t - a scroll of enchant armour
Potions
 c - a potion of ambrosia
 l - a potion of heal wounds
 m - a potion of cancellation
 n - 2 potions of curing
 v - 2 potions of degeneration


   Skills:
 + Level 6.1 Fighting
 + Level 5.5 Polearms
 + Level 4.1 Armour
 - Level 2.4 Dodging
 - Level 1.5 Stealth


You had 6 spell levels left.
You didn't know any spells.
Your spell library contained the following spells:

 Spells                   Type           Power      Damage    Failure   Level
 Ensorcelled Hibernation  Hex/Ice        0%         N/A       50%         2
 Passwall                 Tmut/Erth      0%         N/A       50%         2
 Swiftness                Air            0%         N/A       75%         3


Dungeon Overview and Level Annotations

Branches:
Dungeon (4/15)
 Temple: D:4-7

Altars:

Shops:
D:2 [

Annotations:
D:3 2 transporters
D:4 Edmund


Innate Abilities, Weirdness & Mutations

You are clumsy. (Dex -2)
You are frail. (-10% HP)
You are somewhat resistant to further mutation.
Your natural rate of healing is unusually fast.


Message History

Press: ? - help, Dir - move target, f/p - jelly
Aim: a jelly (lightly wounded, about 10% to evade your +1 trident)
You puncture the jelly!
Your hands burn!
The jelly is heavily wounded.
The jelly barely misses you. You block the jelly's attack.
Reach: f) +1 trident
Press: ? - help, Dir - move target, f/p - jelly
Aim: a jelly (heavily wounded, about 10% to evade your +1 trident)
You hit the jelly.
Your hands burn!
The jelly is heavily wounded.
The jelly hits you. The acid corrodes you!
You are splashed with acid!
Reach: f) +1 trident
Press: ? - help, Dir - move target, f/p - jelly
Aim: a jelly (heavily wounded, about 10% to evade your +1 trident)
You hit the jelly.
Your hands burn!
* * * LOW HITPOINT WARNING * * *
The jelly is severely wounded.
You block the jelly's attack.
Reach: f) +1 trident
Press: ? - help, Dir - move target, f/p - jelly
Aim: a jelly (severely wounded, about 10% to evade your +1 trident)
You hit the jelly.
Your hands burn!
* * * LOW HITPOINT WARNING * * *
The jelly is severely wounded.
The jelly hits you.
* * * LOW HITPOINT WARNING * * *
You are splashed with acid.
* * * LOW HITPOINT WARNING * * *
You aren't carrying any items that you can evoke.
Throw: 2 javelins
Press: ? - help, Q - select action, (/) - cycle Shift-Dir - straight line, f/p - jelly
Aim: a jelly (severely wounded, 89% to hit)
You throw a javelin.
The javelin pierces through the jelly but does no damage.
The jelly is severely wounded.
The javelin closely misses the bullfrog.
The jelly hits you.
* * * LOW HITPOINT WARNING * * *
You are splashed with acid!
You die...

.... .♣ ... P.♣
. #.. ♣..♣P
#..♣♣.... ##
..(.P.# # .
..P.# # #. #F.#
...
####.##J#######
∩.#
.......@......#
.###......###.#
#.#...##
...##.## ###
#.# #.# #.# #.#
#######.#


You could see a bullfrog and a jelly.

Vanquished Creatures
  2 scorpions (D:4)
  A hound (D:4)
  An orc priest (D:4)
  3 orc wizards (D:4)
  Terence (D:2)
  Robin (D:2)
  4 gnolls
  4 adders
  3 worms
  A dart slug (D:4)
  5 orcs (D:4)
  9 ball pythons
  10 bats
  7 endoplasms
  2 giant cockroaches (D:1)
  6 goblins
  8 hobgoblins
  A quokka (D:2)
  A frilled lizard (D:2)
  7 kobolds
  4 rats
81 creatures vanquished.

Vanquished Creatures (collateral kills)
  A ball python (D:3)
1 creature vanquished.

Vanquished Creatures (others)
  3 plants (D:4)
  4 toadstools (D:1)
7 creatures vanquished.

Grand Total: 89 creatures vanquished

Notes
Turn   | Place    | Note
-------+----------+-------------------------------------------
     0 | D:1      | Essalna the Hill Orc Monk began the quest for the Orb.
     0 | D:1      | Reached XP level 1. HP: 19/19 MP: 1/1
   125 | D:1      | Reached XP level 2. HP: 16/27 MP: 2/2
   363 | D:1      | Reached skill level 1 in Armour
   714 | D:1      | Reached skill level 4 in Fighting
   910 | D:2      | Reached XP level 3. HP: 27/33 MP: 3/3
  1248 | D:3      | Found a transporter.
  1268 | D:3      | Found a transporter.
  1433 | D:2      | Found a faded altar of an unknown god.
  1502 | D:3      | Reached XP level 4. HP: 31/41 MP: 4/4
  1807 | D:2      | Found Saypufoll's Armour Emporium.
  2135 | D:2      | Noticed Terence
  2749 | D:2      | Reached XP level 5. HP: 40/47 MP: 5/5
  2917 | D:2      | Noticed Robin
  2933 | D:2      | Killed Robin
  2940 | D:2      | Reached skill level 5 in Fighting
  2995 | D:2      | Gained mutation: Your natural rate of healing is unusually
                  | fast. [potion of mutation]
  2995 | D:2      | Gained mutation: You are frail. (-10% HP) [potion of
                  | mutation]
  2995 | D:2      | Gained mutation: You are clumsy. (Dex -2) [potion of
                  | mutation]
  2995 | D:2      | Gained mutation: You are somewhat resistant to further
                  | mutation. [potion of mutation]
  3225 | D:2      | Killed Terence
  3294 | D:2      | Identified the +8 dagger of Generosity {venom, SInv}
  3482 | D:4      | Reached XP level 6. HP: 41/50 MP: 6/6
  3493 | D:4      | Reached skill level 5 in Polearms
  3661 | D:4      | Noticed Edmund
  3699 | D:4      | Became a worshipper of Beogh the Brigand
  3699 | D:4      | Reached * piety under Beogh
  3699 | D:4      | Reached ** piety under Beogh
  3943 | D:4      | Reached skill level 6 in Fighting
  3943 | D:4      | Reached XP level 7. HP: 56/56 MP: 7/7
  3959 | D:4      | Splashed by a jelly's acid

Illustrated notes

Levels and vault maps discovered:
D:1:      ldierk_walled_garden_2, layout_basic
D:2:      layout_rooms, shapermc_ecumenical_altar_notcrosses, serial_shops,
          shop, nicolae_concentric_dashed_squares_wild, uniq_terence, uniq_robin
D:3:      gammafunk_steamed_eel, layout_loops_cross
D:4:      layout_loops_corners, serial_shops,
          nicolae_shop_competitors_out_of_business, serial_forest,
          infiniplex_forest_zigzag_2, infiniplex_forest_clump_double,
          infiniplex_forest_end_1, infiniplex_forest_lined_3_way,
          infiniplex_forest_straight_3, infiniplex_forest_clump_curved,
          chequers_arboretum, uniq_edmund

Skill      XL: |  1  2  3  4  5  6 |
---------------+-------------------+-----
Armour         | 1 2 3 4 |  4.1
Fighting       | 4 5 6 |  6.1
Polearms       | 4 5 |  5.5
Dodging        | |  2.4
Stealth        | |  1.5

Action                   |  1- 3 |  4- 6 |  7- 9 || total
-------------------------+-------+-------+-------++-------
Melee: Spear             |   121 |   177 |       ||   298
       Trident           |       |    82 |    10 ||    92
       Punch             |       |     2 |       ||     2
Throw: Javelin           |       |       |     1 ||     1
Invok: Convert to Beogh  |       |     1 |       ||     1
  Use: Scroll            |       |    13 |       ||    13
       Potion            |       |     2 |       ||     2
 Stab: Sleeping          |     8 |     5 |       ||    13
       Distracted        |       |     1 |       ||     1
Armor: Robe              |    20 |    34 |     2 ||    56
Dodge: Dodged            |    55 |    90 |     4 ||   149
Block: Other             |     5 |    40 |     3 ||    48
       Reflection        |     1 |     2 |       ||     3

Table legend: (Time is in decaauts)
 A = Elapsed time spent in this place.
 B = Non-inter-level travel time spent in this place.
 C = Inter-level travel time spent in this place.
 D = Time resting spent in this place.
 E = Time spent auto-exploring this place.
 F = Levels seen in this place.
 G = Mean time per level.
                   A        B        C        D        E       F      G
               +--------+--------+--------+--------+--------+-----+--------+
         Total |   3939 |   3699 |    240 |      0 |   2843 |   4 |  984.8 |
       Dungeon |   3939 |   3699 |    240 |      0 |   2843 |   4 |  984.8 |
               +--------+--------+--------+--------+--------+-----+--------+

Top non-repeatable levels by time:
     D:2: 1415 daAuts
     D:3: 972 daAuts
     D:1: 925 daAuts
     D:4: 625 daAuts
